 Dungeon Crawl Stone Soup version 0.27.1-34-g3ba077fa99 (webtiles) character file.

Game seed: 1382953792705148332

2299 Delamore the Slicer (level 9, -1/81 HPs)
             Began as an Octopode Brigand on Feb 2, 2022.
             Was an Initiate of Gozag.
             Splashed by a brown ugly thing's acid (9 damage)
             ... on level 7 of the Dungeon.
             The game lasted 00:07:44 (6464 turns).

Delamore the Slicer (Octopode Brigand)              Turns: 6464, Time: 00:07:44

Health: -1/81      AC: 20    Str: 10    XL:     9   Next: 40%
Magic:  18/18      EV:  2    Int: 13    God:    Gozag
Gold:   425        SH:  0    Dex: 17    Spells: 8/8 levels left

rFire    . . .     SeeInvis .   u - +1 short sword (speed)
rCold    + . .     Faith    .   (no shield)
rNeg     + + +     Spirit   .   (helmet currently unavailable)
rPois    +         Reflect  .   (no amulet)
rElec    .         Harm     .   q - ring of poison resistance
rCorr    .         Rampage  .   s - ring of protection from cold
Will     .....     NoTele   +   D - ring of magical power
Stlth    +++++.....             (no ring)
HPRegen  0.23/turn              (no ring)
MPRegen  0.16/turn              (no ring)
                                (no ring)
                                (no ring)

@: tree-form (expiring), corroded
A: stationary, stasis, torment immunity, boosted hp, almost no armour,
(amphibious), 8 rings, (camouflage 1), (gelatinous body 1), (nimble swimmer 1),
(tentacles)
a: Renounce Religion, Potion Petition, Call Merchant, Bribe Branch


You were on level 7 of the Dungeon.
You worshipped Gozag.
Gozag was aware of your devotion.
You were a tree.
You visited 2 branches of the dungeon, and saw 8 of its levels.

You collected 542 gold pieces.
You paid 117 gold pieces to Gozag.

Inventory:

Hand Weapons
 a - a +2 dagger
 k - a +1 dagger of speed
 u - a +1 short sword of speed (weapon)
Missiles
 b - 35 poisoned darts (quivered)
 w - 2 boomerangs
Armour
 l - a +0 hat of stealth (melded)
 C - a +0 kite shield
Jewellery
 q - a ring of poison resistance (left branch)
 s - a ring of protection from cold (right branch)
 D - a ring of magical power (on tentacle)
Wands
 y - a wand of iceblast (4)
Scrolls
 d - 2 scrolls of enchant armour
 e - 2 scrolls of magic mapping
 g - 3 scrolls of enchant weapon
 j - a scroll of immolation
 p - a scroll of noise
 t - 5 scrolls of teleportation
 v - a scroll of silence {unknown}
 x - a scroll of blinking {unknown}
 B - a scroll of acquirement {unknown}
 E - a scroll of amnesia {unknown}
Potions
 h - a potion of resistance {unknown}
 i - 3 potions of curing
 m - a potion of ambrosia {unknown}
 n - a potion of lignification
 o - a potion of berserk rage {unknown}
 r - a potion of flight {unknown}
 z - a potion of heal wounds {unknown}
 A - a potion of attraction {unknown}


   Skills:
 - Level 2.0 Fighting
 + Level 10.8 Short Blades
 - Level 2.0 Throwing
 - Level 1.0 Dodging
 - Level 10.0 Stealth


You had 8 spell levels left.
You didn't know any spells.
Your spell library contained the following spells:

 Spells                   Type           Power      Damage    Failure   Level
 Animate Skeleton         Necr           0%         N/A       30%         1
 Foxfire                  Conj/Fire      0%         2x1d4     30%         1
 Pain                     Necr           0%         1d4       30%         1
 Conjure Flame            Conj/Fire      0%         6-21      67%         3
 Inner Flame              Hex/Fire       0%         N/A       67%         3
 Vampiric Draining        Necr           0%         2d6       67%         3


Dungeon Overview and Level Annotations

Branches:
Dungeon (7/15)             Temple (1/1) D:6

Altars:
Ashenzari
Cheibriados
Elyvilon
Gozag
Hepliaklqana
Kikubaaqudgha
Makhleb
Nemelex Xobeh
Okawaru
Qazlal
Ru
Sif Muna
Trog
Uskayaw
Vehumet
Wu Jian
Xom
Yredelemnul
Zin

Annotations:
D:5 2 transporters, strmdvr's ghost, novice FoFi


Innate Abilities, Weirdness & Mutations

You are a tree.
Your roots penetrate the ground, keeping you stationary.
You cannot be teleported.
You are immune to unholy pain and torment.
Your maximum health is greatly increased.
You cannot wear most types of armour.
((You are amphibious.))
You can wear up to eight rings at the same time.
((Your skin changes colour to match your surroundings (Stealth+).))
((Your rubbery body absorbs attacks. (AC +1, EV +1)))
((You are camouflaged near water. (Stealth+)))
((You have tentacles for arms and can constrict up to eight enemies at once.))


Message History

The mass of ice explodes!
The iceblast engulfs the wight.
The wight partially resists.
The wight is almost destroyed.
The killer bee buzzes angrily.
You hear a croak.
You hear an angry hiss.
You hear a croak.
A howler monkey comes into view.
The howler monkey is distracted by your dazzling golden aura.
The howler monkey howls!
Aiming: Iceblast
Press: ? - help, Shift-Dir - straight line, p - wight The mass of ice explodes!
The iceblast engulfs the scorpion!
You kill the scorpion!
You hear a loud, deep croak!
You hear a roar!
Aiming: Iceblast
Press: ? - help, Shift-Dir - straight line The mass of ice explodes!
The iceblast engulfs the wight!
The wight partially resists.
You destroy the wight!
You hear two shouts!
You hear a loud, deep croak!
You hear an angry hiss.
You hear a roar!
Aiming: Iceblast
Press: ? - help, Shift-Dir - straight line The mass of ice explodes!
The iceblast engulfs the brown ugly thing!!
The brown ugly thing is moderately wounded.
The brown ugly thing trunk-slaps you but does no damage.
Aiming: Iceblast
Press: ? - help, Shift-Dir - straight line The mass of ice explodes!
The iceblast engulfs the brown ugly thing!
The brown ugly thing is moderately wounded.
Your transformation is almost over.
You hear a croak.
The howler monkey is no longer distracted by gold.
An orc comes into view. It is wielding a +0 hand axe.
The brown ugly thing trunk-slaps you!
* * * LOW HITPOINT WARNING * * *
The acid corrodes you!
You are splashed with acid!
You die...
Your body crumbles into a pile of gold.

+..). #.........#
#.... #.........#
#.#.# ##........#
##...##
##.########
##.....# #..#
##..#<$.# #.##
#.....$.# #.#
#.###s.####+###.#
#...#.....#♣#
#.#.o...$yu.#
#.#.#....(#.#
..#####'###.# ##.
#...##.# #J
#°.○##.# ..
#...##.# #°.○##.#
#._.##.#


You could see a brown ugly thing, a killer bee and an orc.

Vanquished Creatures
  A centaur zombie (D:6)
  Sigmund (D:2)
  A steam dragon (D:6)
  2 water moccasins (D:7)
  A black bear (D:5)
  An orc warrior (D:6)
  A necrophage (D:5)
  A centaur (D:4)
  2 bullfrogs (D:7)
  2 water moccasin zombies
  3 scorpions
  2 water moccasin skeletons
  A wight (D:7)
  A howler monkey (D:7)
  4 electric eels (D:6)
  A bullfrog zombie (D:6)
  2 jellies (D:7)
  2 bullfrog skeletons
  An iguana (D:5)
  2 orc wizards
  Robin (D:2)
  3 adders
  A gnoll (D:5)
  A white imp (D:5)
  An adder skeleton (D:4)
  3 worms (D:2)
  2 dart slugs (D:4)
  14 orcs
  7 ball pythons
  8 endoplasms
  18 goblins
  8 hobgoblins
  4 jackals (D:1)
  A quokka (D:2)
  5 bats
  4 frilled lizards
  7 kobolds
  5 rats
125 creatures vanquished.

Vanquished Creatures (others)
  4 plants (D:6)
4 creatures vanquished.

Grand Total: 129 creatures vanquished

Notes
Turn   | Place    | Note
-------+----------+-------------------------------------------
     0 | D:1      | Delamore the Octopode Brigand began the quest for the Orb.
     0 | D:1      | Reached XP level 1. HP: 14/14 MP: 1/1
    32 | D:1      | Reached XP level 2. HP: 4/19 MP: 2/2
   641 | D:1      | Reached XP level 3. HP: 22/24 MP: 3/3
  1174 | D:2      | Noticed Sigmund
  1180 | D:2      | Killed Sigmund
  1181 | D:2      | Reached XP level 4. HP: 29/29 MP: 4/4
  1181 | D:2      | Reached XP level 5. HP: 34/34 MP: 5/5
  1202 | D:2      | Found a faded altar of an unknown god.
  1300 | D:2      | Noticed Robin
  1477 | D:2      | Killed Robin
  1478 | D:2      | Reached XP level 6. HP: 25/39 MP: 6/6
  2739 | D:3      | Found a hide-covered altar of Uskayaw.
  3315 | D:4      | Reached XP level 7. HP: 35/45 MP: 7/7
  3416 | D:4      | Reached skill level 10 in Stealth
  3697 | D:5      | Entered Level 5 of the Dungeon
  3773 | D:5      | Reached skill level 5 in Short Blades
  4468 | D:5      | Noticed strmdvr's ghost (novice FoFi)
  4469 | D:5      | Found a transporter.
  4472 | D:5      | Found a transporter.
  4472 | D:5      | Identified the +6 dire flail of Zin's Wrath {vorpal, Str+4}
  4901 | D:5      | Found an iron altar of Okawaru.
  4906 | D:5      | Reached XP level 8. HP: 50/50 MP: 8/8
  5031 | D:6      | Found a staircase to the Ecumenical Temple.
  5073 | Temple   | Entered the Ecumenical Temple
  5205 | Temple   | Became a worshipper of Gozag Ym Sagoz the Greedy
  6008 | D:6      | Reached XP level 9. HP: 45/54 MP: 9/9
  6232 | D:7      | Reached skill level 10 in Short Blades
  6372 | D:7      | Found a basalt altar of Yredelemnul.
  6374 | D:7      | Noticed a profane servitor
  6452 | D:7      | Noticed a gargoyle
  6454 | D:7      | Noticed a brown ugly thing
  6464 | D:7      | Splashed by a brown ugly thing's acid

Illustrated notes

Levels and vault maps discovered:
D:1:      dpeg_arrival_tiny_b, layout_rooms
D:2:      layout_basic, hellmonk_ecumenical_altar_arch_garden, uniq_robin,
          uniq_sigmund
D:3:      layout_basic, nicolae_uskayaw_dance_hall, serial_bayou_pond_e
D:4:      layout_basic
D:5:      layout_basic, okawaru_altar_gauntlet_db, gammafunk_ghost_smash,
          kennysheep_doodads, interstate_on_off
D:6:      layout_basic, temple_statues, serial_bayou, serial_bayou_shore_b,
          serial_bayou_lake_a, serial_bayou_pond_c, serial_bayou_shore_b,
          amcnicky_mini_pool_medium
D:7:      minmay_the_grid_octo_tiled_octocenter
          [minmay_the_grid_octo_fan_narrow, minmay_the_grid_octo_concentric,
          minmay_the_grid_octo_77, minmay_the_grid_octo_vomiting_pacman,
          minmay_the_grid_octo_prize_ultimate_mussel_roller,
          minmay_the_grid_square_5x5_empty,
          minmay_the_grid_square_5x5_doubleslash,
          minmay_the_grid_square_5x5_almost_minimal,
          minmay_the_grid_square_5x5_spiral_small], layout_rooms,
          mainiacjoe_overflow_chevrons, grunt_temple_overflow_holy_war
Temple:   nicolae_temple_elliptical

Skill      XL: |  1  2  3  4  5  6  7  8  9 |
---------------+----------------------------+-----
Stealth        | 6 8 9 10 | 10.0
Short Blades   | 3 4 6 9 10 | 10.8
Fighting       | |  2.0
Throwing       | |  2.0
Dodging        | |  1.0

Action                   |  1- 3 |  4- 6 |  7- 9 || total
-------------------------+-------+-------+-------++-------
Melee: Dagger            |    55 |    88 |    21 ||   164
       Constrict         |    13 |    19 |    22 ||    54
       Tentacles         |     8 |    14 |    31 ||    53
       Short sword       |       |       |   165 ||   165
Throw: Dart              |       |    29 |    18 ||    47
Evoke: Wand              |       |       |     7 ||     7
  Use: Scroll            |     3 |     3 |     2 ||     8
       Potion            |       |       |     2 ||     2
 Stab: Sleeping          |     7 |     4 |    11 ||    22
       Distracted        |       |     1 |     1 ||     2
Armor: Skin              |       |     4 |    13 ||    17
Dodge: Dodged            |    28 |    43 |    61 ||   132
